 Dungeon Sprint DCSS version 0.17-a0-777-g32247ce (webtiles) character file.

1157 lorenzova the Brawler (level 8, -2/74 HPs)
             Began as a Troll Monk on Apr 25, 2015.
             Was a Believer of Qazlal.
             Succumbed to Sonja's poison
             ... in the Dungeon (Sprint I: "Red Sonja").
             The game lasted 00:01:48 (375 turns).

lorenzova the Brawler (Troll Monk)                   Turns: 375, Time: 00:01:48

Health: -2/74      AC:  5    Str: 22    XL:     8   Next: 16%
Magic:  7/7        EV: 10    Int:  6    God:    Qazlal [**....]
Gold:   423        SH:  3    Dex: 12    Spells: 0 memorised, 7 levels left

rFire  . . .     SeeInvis .       - Unarmed
rCold  . . .     Clarity  .     a - +0 robe
rNeg   . . .     SustAb   .     (no shield)
rPois  .         Gourm    +     (helmet restricted)
rElec  .         Spirit   .     (no cloak)
rCorr  .         Warding  .     (gloves unavailable)
rMut   .         NoTele   +     (boots unavailable)
MR     .....                    (no amulet)
Stlth  +.........               (no ring)
                                (no ring)

@: lethally poisoned (-2 -> -98), very slightly contaminated, hasted and slowed,
not resistant to hostile enchantments, very unstealthy
A: unfitting armour, claws 3, fast metabolism 3, gourmand, regeneration 2,
shaggy fur 1, tough skin 2
a: Upheaval, Renounce Religion


You were in the Dungeon.
You worshipped Qazlal.
Qazlal was pleased with you.
You were full.

You visited 1 branch You collected 423 gold pieces.

Inventory:

Armour
 a - a +0 robe (worn)
Magical devices
 i - a wand of magic darts (31)
Scrolls
 h - a scroll of blinking
 k - a scroll of enchant weapon
Potions
 c - a potion of curing
 d - a potion of heal wounds
 f - 2 potions of magic
 g - a potion of berserk rage
Comestibles
 b - 2 bread rations


   Skills:
 - Level 2.4 Fighting
 - Level 2.4 Dodging
 - Level 1.1 Stealth
 + Level 17.1 Unarmed Combat


You had 7 spell levels left.
You didn't know any spells.

Dungeon Overview and Level Annotations

Branches:
Dungeon (1/1)

Altars:
Cheibriados
Dithmenos
Elyvilon
Fedhas
Gozag
Kikubaaqudgha
Makhleb
Nemelex Xobeh
Okawaru
Qazlal
Ru
Sif Muna
Trog
Vehumet
Xom
Yredelemnul
Zin
The Shining One
Jiyva

Shops:
D :

Annotations:
D Sonja


Innate Abilities, Weirdness & Mutations

You are too large for most types of armour.
You have claws for hands.
Your metabolism is lightning-fast.
You like to eat raw meat.
You heal very quickly.
You are covered in fur (AC +1).
You have very tough skin (AC +2).


Message History

* * * LOW HITPOINT WARNING * * *
You are more poisoned.
Sonja hits you but does no damage.
You are more poisoned.
You block Sonja's attack.
You miss Sonja.
Sonja is moderately wounded.
* * * LOW HITPOINT WARNING * * *
You feel very sick. Sonja hits you but does no damage.
You are more poisoned.
Sonja hits you with an uncursed short sword of venom.
* * * LOW HITPOINT WARNING * * *
You are more poisoned.
Sonja hits you with an uncursed short sword of venom.
* * * LOW HITPOINT WARNING * * *
You are more poisoned.
You barely miss Sonja.
Sonja is moderately wounded.
You die...

#<.#.)').#.)'..#__#..')..#
#..'..#..'..#..'..'..#.§.#
#..#####'#####'#__####...+
#..####..#...#.####§§#####
#..#__####..##.#≈≈≈§c#
#..#_..__##'#..+≈≈§§
#⌠⌠#_.∩...'..._#≈§≈§c#
####_..._##K(#'# +####
#_____###@#.# #######
#.### $.$ #$.$# ##.## #+#


You could see Sonja (bleeding).

Vanquished Creatures
  2 kobold demonologists (D)
  A slime creature (D)
  Sigmund (D)
  A yak (D)
  An ogre (D)
  Ijyb (D)
  A jelly (D)
  A giant eyeball (D)
9 creatures vanquished.

Vanquished Creatures (others)
  A gargoyle (D)
1 creature vanquished.

Grand Total: 10 creatures vanquished

Notes
Turn   | Place    | Note
--------------------------------------------------------------
     0 | D        | lorenzova, the Troll Monk, began the quest for the Orb.
     0 | D        | Reached XP level 1. HP: 22/22 MP: 0/0
     1 | D        | Noticed Ijyb
     8 | D        | Killed Ijyb
     8 | D        | Reached skill level 7 in Unarmed Combat
     8 | D        | Reached XP level 2. HP: 21/29 MP: 1/1
   113 | D        | Noticed an ogre
   118 | D        | Killed an ogre
   118 | D        | Reached skill level 10 in Unarmed Combat
   118 | D        | Reached XP level 3. HP: 36/36 MP: 2/2
   118 | D        | Reached XP level 4. HP: 44/44 MP: 3/3
   128 | D        | Noticed Sigmund
   132 | D        | Killed a gargoyle
   133 | D        | Killed Sigmund
   133 | D        | Reached skill level 12 in Unarmed Combat
   133 | D        | Reached XP level 5. HP: 43/50 MP: 4/4
   133 | D        | Reached XP level 6. HP: 50/59 MP: 5/5
   146 | D        | Found a deep blue altar of Sif Muna.
   147 | D        | Noticed a jelly
   148 | D        | Found a radiant altar of Vehumet.
   152 | D        | Killed a jelly
   152 | D        | Reached skill level 13 in Unarmed Combat
   154 | D        | Noticed a centaur warrior
   155 | D        | Noticed a centaur warrior
   180 | D        | Found Uggits's Book Emporium.
   180 | D        | Found a white marble altar of Elyvilon.
   180 | D        | Found a stormy altar of Qazlal.
   180 | D        | Found a burning altar of Makhleb.
   180 | D        | Found a sacrificial altar of Ru.
   180 | D        | Found a basalt altar of Yredelemnul.
   180 | D        | Found a glowing golden altar of the Shining One.
   180 | D        | Found a sparkling altar of Nemelex Xobeh.
   180 | D        | Found a shimmering altar of Xom.
   180 | D        | Found an opulent altar of Gozag.
   180 | D        | Found an ancient bone altar of Kikubaaqudgha.
   180 | D        | Found a glowing silver altar of Zin.
   180 | D        | Noticed a yak
   189 | D        | Killed a yak
   189 | D        | Reached skill level 14 in Unarmed Combat
   190 | D        | Found an iron altar of Okawaru.
   246 | D        | Found a bloodstained altar of Trog.
   248 | D        | Became a worshipper of Qazlal Stormbringer
   248 | D        | Acquired Qazlal's first power
   248 | D        | Acquired Qazlal's second power
   267 | D        | Found a viscous altar of Jiyva.
   267 | D        | Found a blossoming altar of Fedhas.
   267 | D        | Noticed a slime creature
   268 | D        | Found a snail-covered altar of Cheibriados.
   268 | D        | Found a shadowy altar of Dithmenos.
   274 | D        | Killed a slime creature
   274 | D        | Reached skill level 15 in Unarmed Combat
   274 | D        | Reached XP level 7. HP: 45/66 MP: 6/6
   319 | D        | Noticed a kobold demonologist
   323 | D        | Noticed a kobold demonologist
   325 | D        | Killed a kobold demonologist
   325 | D        | Reached skill level 16 in Unarmed Combat
   332 | D        | Paralysed by a giant eyeball for 2 turns
   340 | D        | Killed a kobold demonologist
   340 | D        | Reached skill level 17 in Unarmed Combat
   340 | D        | Reached XP level 8. HP: 72/74 MP: 7/7
   364 | D        | Noticed Sonja
   375 | D        | Succumbed to Sonja's poison

Action                   |  1- 3 |  4- 6 |  7- 9 || total
-------------------------+-------+-------+-------++-------
Melee: Unarmed           |     8 |    19 |    22 ||    49
  Use: Scroll            |       |     1 |       ||     1
       Potion            |       |       |     1 ||     1
  Eat: Chunk             |       |     6 |       ||     6
